 Dungeon Crawl Stone Soup version 0.21-a0-509-gecc5317402 (webtiles) character file.

449 RaHiT the Covert (level 6, -2/41 HPs)
             Began as a Vampire Enchanter on Nov 30, 2017.
             Was an Initiate of Dithmenos.
             Killed from afar by an orc wizard (9 damage)
             ... with a puff of frost
             ... on level 4 of the Dungeon.
             The game lasted 00:24:31 (4043 turns).

RaHiT the Covert (Vampire Enchanter)                Turns: 4043, Time: 00:24:32

Health: -2/41      AC:  0    Str:  7    XL:     6   Next: 74%
Magic:  1/11       EV: 20    Int: 18    God:    Dithmenos [......]
Gold:   211        SH:  0    Dex: 21    Spells: 6/12 levels left

rFire    . . .     SeeInvis +   (weapon currently unavailable)
rCold    . . .     Gourm    .   (shield currently unavailable)
rNeg     + . .     Faith    .   (armour currently unavailable)
rPois    .         Spirit   .   (helmet currently unavailable)
rElec    .         Reflect  .   (cloak currently unavailable)
rCorr    .         Harm     .   (gloves currently unavailable)
MR       .....                  (boots currently unavailable)
Stlth    +++++++...             (no amulet)
HPRegen  0.13/turn              (ring currently unavailable)
MPRegen  0.12/turn              (ring currently unavailable)

@: bat-form, flying, very quick
A: tiny, fangs 3, see invisible
a: End Transformation, Renounce Religion


You were on level 4 of the Dungeon.
You worshipped Dithmenos.
Dithmenos was noncommittal.
You were not thirsty.
You were in vampire-bat-form.
You visited 2 branches of the dungeon, and saw 6 of its levels.

You collected 211 gold pieces.

Inventory:

Hand Weapons
 a - a +1 dagger (melded)
Missiles
 j - 24 poisoned needles
 o - 6 poisoned javelins (quivered)
 w - 4 curare-tipped needles
Armour
 b - a +0 robe (melded)
 e - a cursed -1 pair of gloves (melded)
 k - a +0 buckler
 v - a scarf of resistance (melded)
 x - a +2 hat (melded)
Jewellery
 h - a +5 ring of strength
 i - a cursed ring of teleportation (melded)
 p - a cursed +3 ring of strength (melded)
Scrolls
 d - 2 scrolls of remove curse
 f - 4 scrolls of teleportation
 l - a scroll of enchant armour
 n - 4 scrolls of enchant weapon
 s - a scroll of immolation
 u - a scroll of noise {unknown}
 y - a scroll of fear {unknown}
Potions
 g - 16 potions of blood
 m - 2 potions of mutation {unknown}
 q - 2 potions of lignification {unknown}
 r - a potion of agility {unknown}
 t - a potion of curing {unknown}
 z - 3 potions of degeneration {unknown}
Books
 c - a book of Maledictions

   Spells                             Type                      Level
   a - Corona                         Hexes                        1
   b - Ensorcelled Hibernation        Hexes/Ice                    2
   c - Confuse                        Hexes                        3
   d - Tukima's Dance                 Hexes                        3
   e - Dazzling Spray                 Conjuration/Hexes            3


   Skills:
 - Level 1.1 Short Blades
 - Level 2.1 Dodging
 * Level 9.9 Stealth
 + Level 3.9 Spellcasting
 - Level 5.0 Hexes


You had 6 spell levels left.
You knew the following spells:

 Your Spells              Type           Power        Failure   Level  Hunger
a - Corona                Hex            ###....      1%          1    None
b - Ensorcelled Hibernat  Hex/Ice        ##....       8%          2    ##.....
c - Confuse               Hex            ###.....     5%          3    ###....


Dungeon Overview and Level Annotations

Branches:
Dungeon (5/15)             Temple (1/1) D:4

Altars:
Ashenzari
Dithmenos
Fedhas
Kikubaaqudgha
Makhleb
Nemelex Xobeh
Okawaru
Ru
Sif Muna
Trog
Uskayaw
Vehumet
Wu Jian
Xom
Zin


Innate Abilities, Weirdness & Mutations

You have razor-sharp teeth.
You have supernaturally acute eyesight. (SInv)
((You can survive without breathing.))


Message History

You fail to use your ability.
The orc wizard hits you but does no damage.
The orc wizard gestures wildly while chanting.
The orc wizard seems to speed up.
You turn into a vampire bat.
Your +1 dagger melds into your body.
Your scarf of resistance melds into your body.
Your +2 hat melds into your body.
Your cursed -1 pair of gloves melds into your body.
Your +0 robe melds into your body.
Your cursed ring of teleportation melds into your body.
Your cursed +3 ring of strength melds into your body.
You feel hot and cold all over.
You feel weaker.
The orc wizard begins to cast a cantrip, but forgets the words!
The orc wizard casts a spell at you. The puff of frost hits you!
* * * LOW HITPOINT WARNING * * *
The orc wizard casts a spell at you. The puff of frost hits you!
You die...

...# #.#.#
#.'o#.8.8.#.# ...#
#.#.#
###.#.)_..#.# ...#
#.#.# #.#.8...#.#
..############.#.#
#.##...'#.#
..........%.)).#.#
#..#####...
.###############.#
#...o....⌠. .# #.#
##.#####... .# #.#
###...'#.# .#
#b########.8...#.#
.#
#.....o..#.._..#.#
.#
########.#.8.8.#.#
.# #.##...##.# .#
#.o#####... .#
##....o...# .#
########## .# ##


You could see an orc wizard.

Vanquished Creatures
  Edmund (D:4)
  A scorpion (D:4)
  An orc wizard (D:5)
  An orc priest (D:5)
  3 worker ants (D:4)
  5 adders
  2 oozes
  2 adder skeletons (D:4)
  4 worms (D:2)
  3 dart slugs
  3 leopard geckos
  4 orcs
  3 giant cockroaches
  8 goblins
  7 hobgoblins
  2 quokkas
  9 bats
  7 frilled lizards
  5 kobolds
  9 rats
80 creatures vanquished.

Notes
Turn   | Place    | Note
-------+----------+-------------------------------------------
     0 | D:1      | RaHiT the Vampire Enchanter began the quest for the Orb.
     0 | D:1      | Reached XP level 1. HP: 13/13 MP: 3/3
   441 | D:1      | Reached skill level 5 in Stealth
   441 | D:1      | Reached XP level 2. HP: 12/19 MP: 1/5
   445 | D:1      | Learned a level 2 spell: Ensorcelled Hibernation
   625 | D:1      | Reached skill level 5 in Hexes
  1091 | D:1      | Reached XP level 3. HP: 20/24 MP: 1/6
  1110 | D:1      | Learned a level 3 spell: Confuse
  1151 | D:2      | Found an ornate altar of the Wu Jian Council.
  1165 | D:2      | Reached skill level 6 in Stealth
  1777 | D:2      | Reached XP level 4. HP: 30/30 MP: 4/7
  2033 | D:3      | Reached skill level 7 in Stealth
  2522 | D:4      | Reached XP level 5. HP: 35/35 MP: 9/9
  2528 | D:4      | Found a hide-covered altar of Uskayaw.
  2528 | D:4      | Noticed Edmund
  2534 | D:4      | Killed Edmund
  2534 | D:4      | Reached skill level 8 in Stealth
  2534 | D:4      | Reached XP level 6. HP: 41/41 MP: 7/11
  2546 | D:4      | Found an iron altar of Okawaru.
  2594 | D:4      | Reached skill level 9 in Stealth
  2635 | D:4      | Found an ancient bone altar of Kikubaaqudgha.
  2640 | D:4      | Found a bloodstained altar of Trog.
  2645 | D:4      | Found a shimmering altar of Xom.
  3137 | D:4      | Found a staircase to the Ecumenical Temple.
  3146 | Temple   | Entered the Ecumenical Temple
  3613 | Temple   | Became a worshipper of Dithmenos the Shadowed
  3977 | D:5      | Entered Level 5 of the Dungeon
  4043 | D:4      | Killed from afar by an orc wizard

Vault maps used:
D:1:      minmay_arrival_widening_spiral_narrow, kennysheep_small_spiral
D:2:      lemuel_round_altar
D:4:      grunt_temple_overflow_cloverleaf, minmay_temple_entry_poolview,
          minmay_hedge_maze, okawaru_ov_weapons_minmay, uniq_edmund
D:5:      serial_glass, glass_columns_a, glass_columns_a, first_bread,
          uniq_blork_the_orc, uniq_menkaure, uniq_prince_ribbit1, uniq_ijyb
Temple:   compressed_dpeg_triangle_lava_temple

Skill      XL: |  1  2  3  4  5  6 |
---------------+-------------------+-----
Stealth        | 5 6 7 8 9 |  9.9
Hexes          | 5 |  5.0
Spellcasting   | 3 |  3.9
Short Blades   | |  1.1
Dodging        | |  2.1

Action                   |  1- 3 |  4- 6 || total
-------------------------+-------+-------++-------
Melee: Dagger            |    79 |    65 ||   144
       Bite              |     6 |     3 ||     9
 Cast: Corona            |    12 |       ||    12
       Ensorcelled Hiber |    35 |    30 ||    65
       Confuse           |       |     6 ||     6
 Abil: Bat Form          |       |     2 ||     2
       End Transformatio |       |     1 ||     1
  Use: Potion            |     8 |     4 ||    12
       Scroll            |       |     5 ||     5
 Stab: Sleeping          |    26 |    31 ||    57
       Confused          |       |     1 ||     1
Armor: Robe              |    21 |    13 ||    34
Dodge: Dodged            |    44 |    51 ||    95

Table legend:
 A = Spawn XP
 B = Non-spawn XP
 C = Spawn XP percentage of total XP
 D = Spawn monster count
 E = Non-spawn monster count
 F = Spawn count percentage of total count
 G = Total turns spent on level
                    A         B        C        D         E        F      G
               +---------+---------+-------+---------+---------+-------+---------
         Total |       0 |     642 |   0.0 |       0 |      80 |   0.0 |  4043
               +---------+---------+-------+---------+---------+-------+---------
           D:1 |       0 |      45 |   0.0 |       0 |      24 |   0.0 |  1134
           D:2 |       0 |      87 |   0.0 |       0 |      24 |   0.0 |   841
           D:3 |       0 |      43 |   0.0 |       0 |      15 |   0.0 |   523
           D:4 |       0 |     381 |   0.0 |       0 |      14 |   0.0 |  1055
           D:5 |       0 |      86 |   0.0 |       0 |       3 |   0.0 |    12
               +---------+---------+-------+---------+---------+-------+---------
